 Dungeon Crawl Stone Soup version 0.32-a0-779-g362cfcae2a (webtiles) character file.

Game seed: 18344264138727882031

1065 smashvw the Trooper (level 8, -9/73 HPs)
             Began as a Mountain Dwarf Fighter on Mar 19, 2024.
             Was an Initiate of Yredelemnul.
             Killed by an exploding orc (10 damage)
             ... ignited by their inner flame
             ... on level 6 of the Dungeon.
             The game lasted 00:11:28 (4132 turns).

smashvw the Trooper (Mountain Dwarf Fighter)        Turns: 4132, Time: 00:11:29

Health: -9/73      AC:  8    Str: 21    XL:     8   Next: 6%
Magic:  0/8        EV:  8    Int: 15    God:    Yredelemnul [......]
Gold:   348        SH:  5    Dex: 15    Spells: 7/7 levels left

rFire   + . .        q - +6 short sword "Aleeha Coolu" {chaos, Fly rF+}
rCold   . . .        c - +0 buckler
rNeg    . . .        b - +0 scale mail
rPois   .            (no helmet)
rElec   .            (no cloak)
rCorr   .            (no gloves)
SInv    .            F - +0 pair of boots
Will    .....        d - amulet of guardian spirit Stlth
                     k - +6 ring of intelligence
HPRegen 0.32/turn    y - +6 ring of dexterity
MPRegen 0.11/turn

%: guardian spirit
@: flying, wreathed by umbra, studying Shields
A: runic magic, artefact enchanting
a: Renounce Religion, Light the Black Torch, Recall Undead Harvest


You were on level 6 of the Dungeon.
You worshipped Yredelemnul.
Yredelemnul was noncommittal.
You visited 2 branches of the dungeon, and saw 7 of its levels.

You collected 348 gold pieces.

Inventory:

Hand Weapons
 a - a +0 trident
 q - the +6 short sword "Aleeha Coolu" (weapon) {chaos, Fly rF+}
   (You found it on level 2 of the Dungeon)

   rF+:       It protects you from fire.
   Fly:       It grants you flight.
Missiles
 E - 2 throwing nets (quivered)
Armour
 b - a +0 scale mail (worn)
 c - a +0 buckler (worn)
 C - a +0 tower shield
 F - a +0 pair of boots (worn)
Jewellery
 d - an amulet of guardian spirit (around neck)
 k - a +6 ring of intelligence (left hand)
 m - a ring of protection from fire
 y - a +6 ring of dexterity (right hand)
Wands
 z - a wand of roots (11)
Scrolls
 f - 5 scrolls of enchant armour {unknown}
 h - a scroll of vulnerability {unknown}
 i - a scroll of poison {unknown}
 l - a scroll of noise
 n - a scroll of immolation
 o - a scroll of enchant weapon {unknown}
 t - a scroll of teleportation {unknown}
 x - a scroll of fog {unknown}
 A - a scroll of fear {unknown}
 D - a scroll of brand weapon {unknown}
Potions
 e - a potion of curing {unknown}
 g - a potion of ambrosia
 j - 4 potions of brilliance
 p - a potion of enlightenment {unknown}
 r - a potion of degeneration
 s - a potion of resistance
 u - a potion of heal wounds {unknown}
 v - a potion of lignification {unknown}
 w - a potion of attraction {unknown}
 B - a potion of magic {unknown}


   Skills:
 + Level 7.4 Fighting
 * Level 6.6 Polearms
 - Level 3.2 Armour
 - Level 5.0 Shields


You had 7 spell levels left.
You didn't know any spells.
Your spell library contained the following spells:

 Spells                   Type           Power      Damage    Failure   Level
 Kiss of Death            Conj/Necr      0%         2d5       38%         1
 Sandblast                Erth           0%         2d4       38%         1
 Confusing Touch          Hex            0%         N/A       77%         3
 Inner Flame              Hex/Fire       0%         N/A       77%         3
 Stone Arrow              Conj/Erth      0%         3d7       77%         3
 Brom's Barrelling Bould  Conj/Erth      0%         2d3       99%         4
 Dispel Undead            Necr           0%         3d6       99%         4
 Irradiate                Conj/Alch      0%         3d11      100%        5
 Ignition                 Fire           0%         3d3       100%        8


Dungeon Overview and Level Annotations

Branches:
Dungeon (6/15)             Temple (1/1) D:4

Altars:
Cheibriados
Fedhas
Gozag
Hepliaklqana
Kikubaaqudgha
Makhleb
Nemelex Xobeh
Okawaru
Qazlal
Ru
Trog
Wu Jian
Xom
Yredelemnul
Zin
The Shining One

Shops:
D:3 =


Innate Abilities, Weirdness & Mutations

Your spellcasting is much less encumbered by armour.
You can use scrolls of enchantment on lesser artefacts.


Message History

You block something's attack. The orc closely misses you.
Okay, then.
As you read the scroll labelled OSIKHI GUENGYTZ, it crumbles to dust.
The creatures around you are filled with an inner flame!
It was a scroll of immolation.
The bullfrog misses you. The dart slug bites you.
* * * LOW HITPOINT WARNING * * *
An orc comes into view. It is wielding a +0 mace.
You block the phantom's attack. The bullfrog completely misses you.
The orc splashes around in the water.
Something hits you.
* * * LOW HITPOINT WARNING * * *
The orc hits you but does no damage.
The orc shouts!
You hit the phantom.
Flame seeps out of the phantom.
The phantom is almost destroyed.
The bullfrog hits you!
* * * LOW HITPOINT WARNING * * *
The phantom is engulfed in blazing flames.
The phantom explodes!
The fiery explosion engulfs the troll!!!
With your torch unlit, their soul goes wasted...
The fiery explosion engulfs the bullfrog!!!
With your torch unlit, their soul goes wasted...
The fiery explosion engulfs something!
With your torch unlit, their soul goes wasted...
Reactivating autopickup.
You feel a bit more experienced.
The fiery explosion engulfs the dart slug!!
With your torch unlit, their soul goes wasted...
The fiery explosion engulfs the orc!!!
With your torch unlit, their soul goes wasted...
The fiery explosion engulfs you! You resist.
* * * LOW HITPOINT WARNING * * *
The fiery explosion engulfs the orc!!!
With your torch unlit, their soul goes wasted...
A black mist starts to gather...
The orc explodes!
The fiery explosion engulfs you! You resist.
You die...
Your body rises from the dead as a mindless zombie.

/... ..........
.o...#.........
...o.#≈.~#.....
..ooo#~≈~~≈....
..~#o≈≈S≈~~~~.#
.~~≈≈w§)§~≈≈#≈.
.~≈≈≈#§○§§≈≈≈~.
#~≈≈#≈§@§~≈≈≈w~
~≈≈≈≈≈~§o~~~≈#≈
~~~≈≈~!Z.~~~≈#
~~~#≈~.<.~≈~~≈≈
≈≈~~~~(.$#≈≈~~~
~≈≈≈≈≈~.#~≈≈~~~
≈w≈≈≈≈~.~≈#≈≈≈~
.~≈≈≈≈[.≈<~≈≈~.
.~~≈≈≈...~≈≈~~.


You could see an electric eel (inner flame), 3 dart slugs, 7 orcs and a friendly
spectral orc.

Vanquished Creatures
  A troll (D:6)
  Sigmund (D:2)
  A sky beast (D:4)
  4 phantoms
  A bullfrog (D:6)
  A howler monkey (D:5)
  A jelly (D:4)
  An orc priest (D:5)
  4 hounds
  3 iguanas
  3 orc wizards
  6 gnolls
  4 adders
  A white imp (D:5)
  2 ufetubi (D:3)
  5 dart slugs
  3 ribbon worms
  16 orcs
  11 ball pythons
  4 bats
  6 endoplasms
  3 giant cockroaches
  11 hobgoblins
  6 jackals
  4 kobolds
  2 quokkas
  5 frilled lizards
  9 goblins
  7 rats
126 creatures vanquished.

Vanquished Creatures (collateral kills)
  2 gnolls (D:5)
  An orc (D:5)
3 creatures vanquished.

Vanquished Creatures (others)
  An iguana zombie (D:5)
  2 orc zombies (D:5)
3 creatures vanquished.

Grand Total: 132 creatures vanquished

Notes
Turn   | Place    | Note
-------+----------+-------------------------------------------
     0 | D:1      | smashvw the Mountain Dwarf Fighter began the quest for the
                  | Orb.
     0 | D:1      | Reached XP level 1. HP: 19/19 MP: 1/1
    90 | D:1      | Reached XP level 2. HP: 26/26 MP: 2/2
   426 | D:1      | Reached XP level 3. HP: 33/33 MP: 3/3
   844 | D:2      | Identified the +0 leather armour "Mexoh" {Int+3}
   848 | D:2      | Noticed Sigmund
   957 | D:2      | Identified the +6 short sword "Aleeha Coolu" {chaos, Fly
                  | rF+}
  1063 | D:2      | Killed Sigmund
  1064 | D:2      | Reached skill level 4 in Fighting
  1064 | D:2      | Reached skill level 5 in Shields
  1064 | D:2      | Reached XP level 4. HP: 6/41 MP: 4/4
  1064 | D:2      | Reached XP level 5. HP: 7/47 MP: 5/5
  1458 | D:3      | Found Quth's Jewellery Emporium.
  1621 | D:3      | Reached skill level 5 in Fighting
  1809 | D:3      | Reached XP level 6. HP: 51/56 MP: 6/6
  1838 | D:3      | Identified the +0 robe of the Solstice {Fly Int+4 Dex-2}
  2141 | D:4      | Noticed a sky beast
  2154 | D:4      | Killed a sky beast
  2588 | D:4      | Reached skill level 6 in Fighting
  2624 | D:4      | Reached skill level 5 in Polearms
  2624 | D:4      | Reached XP level 7. HP: 58/63 MP: 7/7
  2648 | D:4      | Identified a scroll of acquirement
  2650 | D:4      | Acquired a manual of Shields
  2950 | D:4      | Found a staircase to the Ecumenical Temple.
  2956 | Temple   | Entered the Ecumenical Temple
  2967 | Temple   | Became a worshipper of Yredelemnul the Fallen
  3277 | D:5      | Entered Level 5 of the Dungeon
  3301 | D:5      | HP: 3/64 [white imp/puff of frost (2)]
  3535 | D:5      | Identified the +6 whip "Fyodgh" {holy, rN+ Will+ Int-5}
  3587 | D:5      | Reached skill level 7 in Fighting
  3917 | D:5      | Reached XP level 8. HP: 73/73 MP: 8/8
  4118 | D:6      | Noticed a troll
  4132 | D:6      | Killed a troll
  4132 | D:6      | HP: 1/73 [spore (11)]
  4132 | D:6      | Killed by an exploding orc... ignited by their inner flame

Illustrated notes

Levels and vault maps discovered:
D:1:      moated_graveyard_arrival, layout_loops_cross, minmay_misc_feat_square,
          minmay_vboxes
D:2:      layout_basic, minmay_ruptured, uniq_sigmund
D:3:      layout_rooms, serial_shops, nicolae_shop_gaudy_bauble,
          kennysheep_generic_room_5
D:4:      layout_loops_ring, minmay_temple_entry_enclosed_plants,
          eino_small_chamber_without_monster
D:5:      layout_rooms, dreamdust_gnoll_farm
D:6:      kennysheep_slugbush, layout_cave_pools, kennysheep_mini,
          enter_ossuary_2, amcnicky_mini_pool_small
Temple:   eino_temple_scatter_basement

Skill      XL: |  1  2  3  4  5  6  7 |
---------------+----------------------+-----
Shields        | 4 5 |  5.0
Fighting       | 4 5 6 7 |  7.4
Polearms       | 3 5 6 |  6.6
Armour         | |  3.2

Action                     |  1- 3 |  4- 6 |  7- 9 || total
---------------------------+-------+-------+-------++-------
  Melee: Trident           |   101 |       |       ||   101
         Short sword       |    13 |   149 |   124 ||   286
 Invoke: Light the Black T |       |       |     2 ||     2
    Use: Potion            |     1 |       |     1 ||     2
         Scroll            |       |     4 |     3 ||     7
   Stab: Distracted        |       |       |     1 ||     1
         Confused          |       |       |     1 ||     1
 Armour: Scale mail        |    79 |   137 |   101 ||   317
  Dodge: Dodged            |    59 |    65 |    71 ||   195
  Block: Buckler           |    26 |    36 |    47 ||   109

Table legend: (Time is in decaauts)
 A = Elapsed time spent in this place.
 B = Non-inter-level travel time spent in this place.
 C = Inter-level travel time spent in this place.
 D = Time resting spent in this place.
 E = Time spent auto-exploring this place.
 F = Levels seen in this place.
 G = Mean time per level.
                   A        B        C        D        E       F      G
               +--------+--------+--------+--------+--------+-----+--------+
         Total |   4158 |   4007 |    151 |    345 |   2823 |   7 |  594.0 |
       Dungeon |   4135 |   4004 |    131 |    345 |   2823 |   6 |  689.2 |
        Temple |     22 |      2 |     20 |      0 |      0 |   1 |   22.0 |
               +--------+--------+--------+--------+--------+-----+--------+

Top non-repeatable levels by time:
     D:4: 1138 daAuts
     D:5: 841 daAuts
     D:1: 803 daAuts
     D:3: 670 daAuts
     D:2: 666 daAuts
  Temple: 22 daAuts
     D:6: 16 daAuts
